 Dungeon Crawl Stone Soup version 0.31-a0-496-g6f97920a28 (webtiles) character file.

Game seed: 14034822655258031458

60 Newt the Trooper (level 4, 0/38 HPs)
             Began as a Merfolk Gladiator on Aug 8, 2023.
             Killed by nerve-wracking pain
             ... invoked by Grinder
              (8 damage)
             ... on level 3 of the Dungeon.
             The game lasted 00:02:02 (1908 turns).

Newt the Trooper (Merfolk Gladiator)                Turns: 1908, Time: 00:02:02

Health: 0/38       AC:  5    Str: 16    XL:     4   Next: 4%
Magic:  4/4        EV: 13    Int:  7    God:
Gold:   161        SH:  0    Dex: 15    Spells: 3/3 levels left

rFire   . . .        a - +0 trident
rCold   . . .        (no shield)
rNeg    . . .        b - +0 leather armour
rPois   .            c - +0 helmet
rElec   .            g - +0 cloak
rCorr   .            (no gloves)
SInv    .            (no boots)
Will    .....        (no amulet)
Stlth   +            (no ring)
HPRegen 0.26/turn    (no ring)
MPRegen 0.09/turn

%: no passive effects
@: no status effects
A: (nimble swimmer 2), mertail
a: no special abilities


You were on level 3 of the Dungeon.
You visited 1 branch of the dungeon, and saw 3 of its levels.

You collected 161 gold pieces.

Inventory:

Hand Weapons
 a - a +0 trident (weapon)
Missiles
 d - 3 throwing nets (quivered)
 e - a javelin
Armour
 b - a +0 leather armour (worn)
 c - a +0 helmet (worn)
 g - a +0 cloak (worn)
Jewellery
 f - a ring of ice
Scrolls
 k - a scroll of amnesia {unknown}
 n - a scroll of immolation {unknown}
 o - a scroll of identify
Potions
 h - a potion of brilliance
 i - a potion of heal wounds
 j - 2 potions of haste {unknown}
 l - a potion of lignification {unknown}
 m - a potion of magic {unknown}


   Skills:
 + Level 4.6 Fighting
 - Level 4.0 Polearms
 - Level 2.0 Throwing
 - Level 4.0 Dodging


You had 3 spell levels left.
You didn't know any spells.
Your spell library contained the following spells:

 Spells                   Type           Power      Damage    Failure   Level
 Kiss of Death            Conj/Necr      0%         2d5       50%         1
 Magic Dart               Conj           0%         1d3       50%         1
 Ensorcelled Hibernation  Hex/Ice        0%         N/A       65%         2
 Searing Ray              Conj           0%         2d4       65%         2
 Confusing Touch          Hex            0%         N/A       86%         3
 Anguish                  Hex/Necr       0%         N/A       99%         4
 Dispel Undead            Necr           0%         3d6       99%         4
 Fulminant Prism          Conj/Hex       0%         3d5       99%         4


Dungeon Overview and Level Annotations

Branches:
Dungeon (3/15)

Altars:
Zin

Annotations:
D:3 Grinder


Innate Abilities, Weirdness & Mutations

((You are very nimble when in or above water. (Stealth+, EV+, Speed+++)))
Your lower body shifts to a powerful aquatic tail in water.


Message History

Grinder barely misses you.
Throw: throwing net
Press: ? - help, Q - select action, (/) - cycle Shift-Dir - straight line, f/p - Grinder
Aim: Grinder, carrying a wand of flame (moderately wounded, 55% to hit)
You throw a throwing net.
The throwing net closely misses Grinder.
Grinder hits you.
* * * LOW HITPOINT WARNING * * *
You feel much better.
Grinder zaps a wand.
The puff of flame hits you but does no damage.
Unknown command.
You puncture Grinder!
Grinder is heavily wounded.
Grinder zaps a wand.
The puff of flame hits you!
You hit Grinder.
Grinder is severely wounded.
Grinder misses you.
You hit Grinder.
Grinder is severely wounded.
Grinder barely misses you.
Grinder blinks!
Grinder gestures at you.
You barely resist. Grinder gestures at you.
You suddenly lose the ability to move!
Grinder zaps a wand.
The puff of flame hits you!
* * * LOW HITPOINT WARNING * * *
Grinder barely misses you. Grinder gestures at you.
Pain shoots through your body!
* * * LOW HITPOINT WARNING * * *
You can move again.
You see here 3 throwing nets.
Unknown command.
Unknown command.
Unknown command.
Unknown command.
d - 3 throwing nets Grinder gestures at you.
Pain shoots through your body!
You die...

############# #####
#.......§§.. #...# .......§§§#
#...# ......§§§§# #@5.#
........§§# #...+ #.........#
#...## #.........#
##....######## #.........#
#............#### #.........#
#.##.##.........# #[........###
#.#...#.##.##...# ######.....#
#.......#...#...#
#######.###.###.#...........###


You could see Grinder.

Vanquished Creatures
  An adder (D:2)
  A worm (D:2)
  2 dart slugs
  An orc (D:3)
  7 ball pythons
  2 bats (D:1)
  2 endoplasms
  A giant cockroach (D:3)
  2 goblins (D:2)
  7 hobgoblins
  2 jackals (D:3)
  A quokka (D:1)
  4 frilled lizards
  3 kobolds
  4 rats
40 creatures vanquished.

Notes
Turn   | Place    | Note
-------+----------+-------------------------------------------
     0 | D:1      | Newt the Merfolk Gladiator began the quest for the Orb.
     0 | D:1      | Reached XP level 1. HP: 16/16 MP: 1/1
   135 | D:1      | Reached XP level 2. HP: 21/24 MP: 2/2
   739 | D:2      | Reached XP level 3. HP: 30/30 MP: 3/3
  1681 | D:3      | Reached XP level 4. HP: 38/38 MP: 4/4
  1742 | D:3      | Found a glowing silver altar of Zin.
  1883 | D:3      | Noticed Grinder
  1884 | D:3      | Paralysed by Grinder for 4 turns
  1904 | D:3      | Paralysed by Grinder for 4 turns
  1908 | D:3      | Killed from afar by Grinder

Illustrated notes

Levels and vault maps discovered:
D:1:      lemuel_arrival_rhombus, layout_loops_ring
D:2:      layout_loops_corners
D:3:      layout_basic, mainiacjoe_overflow_concentric_impassable,
          hangedman_decor_opposing, hangedman_decor_clover_reticule,
          uniq_grinder

Skill      XL: |  1  2  3 |
---------------+----------+-----
Fighting       | 3 4 |  4.6
Polearms       | |  4.0
Throwing       | |  2.0
Dodging        | |  4.0

Action                     |  1- 3 |  4- 6 || total
---------------------------+-------+-------++-------
  Melee: Trident           |   111 |    18 ||   129
         Punch             |     3 |       ||     3
  Throw: Throwing net      |       |     3 ||     3
    Use: Scroll            |     4 |       ||     4
         Potion            |       |     1 ||     1
   Stab: Sleeping          |     4 |       ||     4
 Armour: Leather armour    |    24 |     5 ||    29
  Dodge: Dodged            |    54 |    10 ||    64

Table legend: (Time is in decaauts)
 A = Elapsed time spent in this place.
 B = Non-inter-level travel time spent in this place.
 C = Inter-level travel time spent in this place.
 D = Time resting spent in this place.
 E = Time spent auto-exploring this place.
 F = Levels seen in this place.
 G = Mean time per level.
                   A        B        C        D        E       F      G
               +--------+--------+--------+--------+--------+-----+--------+
         Total |   1920 |   1853 |     67 |      0 |   1530 |   3 |  640.0 |
       Dungeon |   1920 |   1853 |     67 |      0 |   1530 |   3 |  640.0 |
               +--------+--------+--------+--------+--------+-----+--------+

Top non-repeatable levels by time:
     D:2: 939 daAuts
     D:1: 644 daAuts
     D:3: 335 daAuts
